 Dungeon Crawl Stone Soup version 0.30-a0-465-g8901f6c8b5 (webtiles) character file.

Game seed: 4423248781048278565

55 tilp the Shield-Bearer (level 4, -6/38 HPs)
             Began as a Meteoran Fighter on Dec 18, 2022.
             Mangled by an iguana (8 damage)
             ... on level 3 of the Dungeon.
             The game lasted 00:03:00 (538 turns).

tilp the Shield-Bearer (Meteoran Fighter)            Turns: 538, Time: 00:03:01

Health: -6/38      AC:  7    Str: 15 (17) XL:     4   Next: 36%
Magic:  5/5        EV:  9    Int:  7 (9)  God:
Gold:   54         SH:  5    Dex: 15 (16) Spells: 3/3 levels left

rFire   . . .      SeeInvis .    a - +0 long sword
rCold   . . .      Faith    .    c - +0 buckler
rNeg    . . .      Spirit   .    b - +0 scale mail
rPois   .          Reflect  .    (no helmet)
rElec   .          Harm     .    (no cloak)
rCorr   .          Rampage  .    (no gloves)
Will    .....                    (no boots)
Stlth   ..........               (no amulet)
HPRegen 0.26/turn                (no ring)
MPRegen 0.09/turn                (no ring)

@: hasted, glowing, very quick
A: sense surroundings 1, otherworldly, glowing, explore regen
a: no special abilities


You were on level 3 of the Dungeon.
You visited 1 branch of the dungeon, and saw 4 of its levels.

You collected 54 gold pieces.

Inventory:

Hand Weapons
 a - a +0 long sword (weapon)
Missiles
 h - 5 poisoned darts (quivered)
Armour
 b - a +0 scale mail (worn)
 c - a +0 buckler (worn)
 g - a +0 tower shield
Jewellery
 f - a ring of magical power
Scrolls
 e - a scroll of magic mapping {unknown}
 o - a scroll of enchant weapon {unknown}
 p - a scroll of blinking {unknown}
Potions
 d - a potion of might
 i - a potion of degeneration
 j - a potion of cancellation {unknown}
 k - a potion of haste
 l - 2 potions of heal wounds {unknown}
 m - a potion of experience {unknown}
 n - a potion of brilliance {unknown}


   Skills:
 + Level 3.5 Fighting
 + Level 2.8 Long Blades
 - Level 4.0 Armour
 * Level 2.1 Dodging
 + Level 0.8 Stealth
 - Level 4.0 Shields


You had 3 spell levels left.
You didn't know any spells.
Your spell library contained the following spells:

 Spells                   Type           Power      Damage    Failure   Level
 Apportation              Tloc           0%         N/A       92%         1
 Necrotise                Necr           0%         1d4       92%         1
 Summon Small Mammal      Summ           0%         N/A       92%         1


Dungeon Overview and Level Annotations

Branches:
Dungeon (4/15) Zot: 1838
 Temple: D:4-7

Altars:
Sif Muna


Innate Abilities, Weirdness & Mutations

You passively map a small area around you.
You are easily found by Zot.
You glow in the dark.
You regain HP and MP as you explore.


Message History

You closely miss the iguana.
The iguana is moderately wounded.
The iguana bites you!
The iguana bites you but does no damage.
You barely miss the iguana.
The iguana is moderately wounded.
The iguana barely misses you.
You closely miss the iguana.
The iguana is moderately wounded.
The iguana bites you!
* * * LOW HITPOINT WARNING * * *
You hit the iguana but do no damage.
The iguana is moderately wounded.
You block the iguana's attack.
The iguana bites you but does no damage.
You barely miss the iguana.
The iguana is moderately wounded.
The iguana bites you.
* * * LOW HITPOINT WARNING * * *
Unknown command.
You hit the iguana but do no damage.
The iguana is moderately wounded.
The iguana closely misses you.
You hit the iguana.
The iguana is moderately wounded.
The iguana bites you.
* * * LOW HITPOINT WARNING * * *
The iguana bites you.
* * * LOW HITPOINT WARNING * * *
Unknown command.
The iguana attacks as you move away! The iguana bites you.
* * * LOW HITPOINT WARNING * * *
It was a potion of degeneration.
There was something very wrong with that liquid.
You feel weakened.
You feel dopey.
You feel clumsy.
The iguana bites you but does no damage.
It was a potion of haste.
You feel yourself speed up.
The iguana hisses menacingly.
The iguana bites you!
You die...

* #.############ #.#....[#
#.####.#.......... ,#.#.###.#
#...........#*..#,..#.#.#...#
#.####†####.##.##.# #.#.#.#.#
* ....#.........# #.#.#...# ,
,*###..#.#....#### #.#.#.###
#..#.#.>### ###.#.#.... ...#
##l# #...#.#.### #.## *#@#
#...'.#.# ** #.# #.#
#...###.# , * *, #.# #...#
#.### * * *#.# #...# #.... ,
..# #...# ##### * , ### #...#
# ,* , #...# # #...# # * *
#...# #


You could see an iguana.

Vanquished Creatures
  An iguana (D:3)
  An adder (D:2)
  A worm (D:3)
  A ball python (D:3)
  2 bats
  5 endoplasms
  3 goblins
  2 hobgoblins (D:3)
16 creatures vanquished.

Notes
Turn   | Place    | Note
-------+----------+-------------------------------------------
     0 | D:1      | tilp the Meteoran Fighter began the quest for the Orb.
     0 | D:1      | Reached XP level 1. HP: 19/19 MP: 2/2
   121 | D:2      | Reached XP level 2. HP: 26/26 MP: 3/3
   225 | D:2      | Reached skill level 1 in Dodging
   264 | D:2      | Reached XP level 3. HP: 7/31 MP: 4/4
   443 | D:3      | Found a faded altar of an unknown god.
   484 | D:3      | Found a shimmering blue altar of Sif Muna.
   507 | D:3      | Reached XP level 4. HP: 9/38 MP: 5/5
   538 | D:3      | Mangled by an iguana

Illustrated notes

Levels and vault maps discovered:
D:1:      saegor_arrival_fortress, layout_loops_ring, nrook_mini_vaults,
          minmay_tetromino_o4
D:2:      minmay_diamond_boxcup, layout_loops_ring, st_stairs_8
D:3:      layout_basic, vehumet_statue, lemuel_blue_sif_altar,
          chequers_ecumenical_altar_island, minmay_misc_feat_x
D:4:      cheibrodos_pilgrimage, layout_gridville, nicolae_uskayaw_en_pointe

Skill      XL: |  1  2  3 |
---------------+----------+-----
Dodging        | 1 2 |  2.1
Armour         | 4 |  4.0
Shields        | 4 |  4.0
Fighting       | |  3.5
Long Blades    | |  2.8
Stealth        | |  0.8

Action                   |  1- 3 |  4- 6 || total
-------------------------+-------+-------++-------
Melee: Long sword        |    62 |     9 ||    71
  Use: Potion            |       |     2 ||     2
Armor: Scale mail        |    34 |     3 ||    37
Dodge: Dodged            |    31 |     4 ||    35
Block: Buckler           |    19 |     2 ||    21

Table legend: (Time is in decaauts)
 A = Elapsed time spent in this place.
 B = Non-inter-level travel time spent in this place.
 C = Inter-level travel time spent in this place.
 D = Time resting spent in this place.
 E = Time spent auto-exploring this place.
 F = Levels seen in this place.
 G = Mean time per level.
                   A        B        C        D        E       F      G
               +--------+--------+--------+--------+--------+-----+--------+
         Total |    560 |    560 |      0 |      0 |      0 |   4 |  140.0 |
       Dungeon |    560 |    560 |      0 |      0 |      0 |   4 |  140.0 |
               +--------+--------+--------+--------+--------+-----+--------+

Top non-repeatable levels by time:
     D:3: 255 daAuts
     D:2: 184 daAuts
     D:1: 117 daAuts
     D:4: 3 daAuts
